 Dungeon Crawl Stone Soup version 0.30-a0-23-ge60ba3568b (webtiles) character file.

Game seed: 15141785183655377555

72 Newt the Cudgeller (level 4, -1/29 HPs)
             Began as a Gargoyle Monk on Aug 24, 2022.
             Slain by an orc
             ... wielding a +0 hand axe
              (6 damage)
             ... on level 3 of the Dungeon.
             The game lasted 00:02:11 (2120 turns).

Newt the Cudgeller (Gargoyle Monk)                  Turns: 2120, Time: 00:02:12

Health: -1/29      AC:  5    Str: 17    XL:     4   Next: 26%
Magic:  4/4        EV: 12    Int: 10    God:
Gold:   116        SH:  0    Dex: 12    Spells: 3/3 levels left

rFire   . . .      SeeInvis .    a - +0 mace
rCold   . . .      Faith    .    (no shield)
rNeg    + . .      Spirit   .    b - +0 robe
rPois   ∞          Reflect  .    (no helmet)
rElec   +          Harm     .    (no cloak)
rCorr   .          Rampage  .    (no gloves)
Will    .....                    (no boots)
Stlth   +.........               (no amulet)
HPRegen 0.09/turn                (no ring)
MPRegen 0.09/turn                (no ring)

@: confused
A: sickness immunity, AC +3, negative energy resistance 1, electricity
resistance, torment resistance 1, petrification resistance
a: no special abilities


You were on level 3 of the Dungeon.
You visited 1 branch of the dungeon, and saw 3 of its levels.

You collected 116 gold pieces.

Inventory:

Hand Weapons
 a - a +0 mace (weapon)
Armour
 b - a +0 robe (worn)
Jewellery
 l - an amulet of guardian spirit
Scrolls
 f - 4 scrolls of teleportation
 g - 2 scrolls of identify
 i - a scroll of noise
Potions
 c - a potion of ambrosia
 d - a potion of curing
 e - 4 potions of lignification
 h - 3 potions of attraction
 j - a potion of haste
 k - a potion of mutation {unknown}


   Skills:
 - Level 4.0 Fighting
 - Level 4.0 Maces & Flails
 + Level 3.0 Dodging
 - Level 2.1 Stealth


You had 3 spell levels left.
You didn't know any spells.
Your spell library contained the following spells:

 Spells                   Type           Power      Damage    Failure   Level
 Tukima's Dance           Hex            0%         N/A       75%         3
 Passage of Golubria      Tloc           0%         N/A       98%         4
 Yara's Violent Unravell  Hex/Tmut       0%         3d3       100%        5


Dungeon Overview and Level Annotations

Branches:
Dungeon (3/15)

Altars:

Shops:
D:1 !

Annotations:
D:3 3 runed translucent doors, HilariousDeathArtist's ghost, amateur NaAr


Innate Abilities, Weirdness & Mutations

You are immune to sickness and miasma.
Your stone body is resilient. (AC +3)
You are immune to poison.
You resist negative energy. (rN+)
You are resistant to electric shocks. (rElec)
You are resistant to unholy torment.
You are immune to petrification.


Message History

You barely miss the orc wizard.
The orc wizard is moderately wounded.
The orc wizard misses you. The orc hits you with a +0 hand axe.
Unknown command.
You hit the orc.
The orc is lightly wounded.
The orc wizard hits you with a +0 dagger.
The orc hits you with a +0 hand axe.
* * * LOW HITPOINT WARNING * * *
Unknown command.
You closely miss the orc.
The orc is lightly wounded.
The orc wizard closely misses you. The orc closely misses you.
The orc wizard hits you but does no damage.
The orc barely misses you.
Unknown command.
You hit the orc.
The orc is almost dead.
The orc wizard points at you and mumbles some strange words.
You are confused.
The orc hits you but does no damage.
Unknown command.
You nearly stumble into some deep water!
The orc wizard closely misses you. The orc closely misses you.
Unknown command.
You bump into the stone wall.
The orc wizard hits you with a +0 dagger.
* * * LOW HITPOINT WARNING * * *
The orc barely misses you.
Unknown command.
You bump into the stone wall.
The orc wizard misses you. The orc barely misses you.
Unknown command.
You closely miss the orc.
The orc is almost dead.
The orc wizard points at you and mumbles some strange words.
The magic dart hits you.
* * * LOW HITPOINT WARNING * * *
The orc hits you with a +0 hand axe.
You die...

.≈ #. ... .≈.#. ≈≈w
.≈.# ≈.#.≈ .≈.#.≈.#
#.≈. . #.≈.# #.≈.##.
#.≈.#...#
#.≈...###.≈.#.#.#
#.≈≈≈≈ow.(≈.#.#.#
#....@≈≈≈≈≈.#.#.#
≈.######oo....#.#.####
≈.......#######.#....#
≈≈≈≈≈≈≈≈........#....#
##.......†.........<.#
################....###
#.#..... #.###### #.#


You could see a worm, an orc wizard and 2 orcs.

Vanquished Creatures
  4 adders
  A dart slug (D:2)
  4 endoplasms
  2 giant cockroaches
  3 goblins (D:2)
  2 hobgoblins (D:2)
  4 jackals (D:2)
  A quokka (D:1)
  2 ball pythons
  4 bats
  3 frilled lizards
  2 kobolds
  2 rats (D:1)
34 creatures vanquished.

Notes
Turn   | Place    | Note
-------+----------+-------------------------------------------
     0 | D:1      | Newt the Gargoyle Monk began the quest for the Orb.
     0 | D:1      | Reached XP level 1. HP: 14/14 MP: 1/1
   218 | D:1      | Found a faded altar of an unknown god.
   405 | D:1      | Found Iprelib's Distillery.
   488 | D:1      | Reached XP level 2. HP: 19/19 MP: 2/2
  1094 | D:2      | Reached XP level 3. HP: 24/24 MP: 3/3
  1784 | D:3      | Found a runed translucent gate.
  1785 | D:3      | Found a runed translucent gate.
  1785 | D:3      | Found a runed translucent gate.
  1787 | D:3      | Noticed HilariousDeathArtist's ghost (amateur NaAr)
  1792 | D:3      | Identified the +8 mace "Buuhepal" {holy, Dex+2}
  1792 | D:3      | Identified the +0 ring mail "Imill" {rPois Int+2}
  1874 | D:3      | Reached XP level 4. HP: 15/29 MP: 4/4
  2120 | D:3      | Slain by an orc

Illustrated notes

Levels and vault maps discovered:
D:1:      mrwooster_arrival_arrow, layout_loops_ring, serial_shops, shop,
          hellmonk_ecumenical_altar_slurped_away
D:2:      layout_basic
D:3:      layout_basic, nicolae_overflow_squiral, mainiacjoe_overflow_brackets,
          mainiacjoe_overflow_alcove_4, biasface_ghost_orc_armoury

Skill      XL: |  1  2  3  4 |
---------------+-------------+-----
Maces & Flails | 4 |  4.0
Fighting       | 4 |  4.0
Dodging        | 3 |  3.0
Stealth        | |  2.1

Action                   |  1- 3 |  4- 6 || total
-------------------------+-------+-------++-------
Melee: Mace              |    91 |    19 ||   110
  Use: Scroll            |     6 |       ||     6
 Stab: Sleeping          |     4 |       ||     4
Armor: Robe              |    33 |    10 ||    43
Dodge: Dodged            |    58 |    21 ||    79

Table legend: (Time is in decaauts)
 A = Elapsed time spent in this place.
 B = Non-inter-level travel time spent in this place.
 C = Inter-level travel time spent in this place.
 D = Time resting spent in this place.
 E = Time spent auto-exploring this place.
 F = Levels seen in this place.
 G = Mean time per level.
                   A        B        C        D        E       F      G
               +--------+--------+--------+--------+--------+-----+--------+
         Total |   2143 |   2091 |     52 |    196 |   1569 |   3 |  714.3 |
       Dungeon |   2143 |   2091 |     52 |    196 |   1569 |   3 |  714.3 |
               +--------+--------+--------+--------+--------+-----+--------+

Top non-repeatable levels by time:
     D:2: 995 daAuts
     D:1: 808 daAuts
     D:3: 340 daAuts
